 Dungeon Crawl Stone Soup version 0.29.1-2-gbd0b4ee654 (webtiles) character file.

Game seed: 3631210506031621076

214 eodem the Chopper (level 5, -3/45 HPs)
             Began as a Minotaur Berserker on Oct 25, 2022.
             Was a Believer of Trog.
             Slain by a kobold brigand
             ... wielding a +0 dagger
              (8 damage)
             ... in a sewer.
             The game lasted 00:03:56 (2990 turns).

eodem the Chopper (Minotaur Berserker)              Turns: 2990, Time: 00:03:56

Health: -3/45      AC:  2    Str: 22    XL:     5   Next: 59%
Magic:  4/4        EV: 12    Int:  4    God:    Trog [**....]
Gold:   68         SH:  0    Dex: 11    Spells: 4/4 levels left

rFire   + . .      SeeInvis +   a - +0 hand axe
rCold   + . .      Faith    .   (no shield)
rNeg    . . .      Spirit   .   b - +0 animal skin
rPois   +          Reflect  .   (helmet restricted)
rElec   +          Harm     .   (no cloak)
rCorr   +          Rampage  .   (no gloves)
Will    ++...                   (no boots)
Stlth   +.........              (no amulet)
HPRegen 1.15/turn               e - ring of see invisible
MPRegen 0.09/turn               (no ring)

@: resistant, strong-willed, on berserk cooldown, regenerating, slowed, very
slow
A: horns 2, retaliatory headbutt
a: Renounce Religion, Berserk, Trog's Hand


You were in a sewer.
You worshipped Trog.
Trog was pleased with you.
You visited 1 branch of the dungeon, and saw 3 of its levels.
You also visited: Sewer.

You collected 68 gold pieces.

Inventory:

Hand Weapons
 a - a +0 hand axe (weapon)
Armour
 b - a +0 animal skin (worn)
Jewellery
 e - a ring of see invisible (left hand)
Wands
 m - a wand of digging (9)
Scrolls
 c - a scroll of acquirement {unknown}
 g - a scroll of identify {unknown}
 i - a scroll of fear {unknown}
 j - a scroll of enchant weapon {unknown}
 k - a scroll of brand weapon {unknown}
 l - a scroll of teleportation {unknown}
Potions
 d - 3 potions of haste


   Skills:
 - Level 3.6 Fighting
 + Level 7.7 Axes
 - Level 2.4 Armour
 - Level 2.1 Dodging


You had 4 spell levels left.
You didn't know any spells.
Your spell library was empty.

Dungeon Overview and Level Annotations

Branches:
Dungeon (3/15)              Sewer (1/1)

Altars:

Shops:
D:2 (   D:3 [*

Annotations:
Sewer Grinder


Innate Abilities, Weirdness & Mutations

You have a pair of horns on your head.
You reflexively headbutt those who attack you in melee.


Message History

Your skin crawls.
You feel strong-willed.
You feel sick. The ufetubus barely misses you. x2
The kobold brigand hits you with a +0 dagger.
The ufetubus completely misses you. The ufetubus hits you.
* * * LOW HITPOINT WARNING * * *
It was a potion of resistance.
You feel protected.
You feel sick.
You are no longer poisoned.
The ufetubus hits you but does no damage.
The ufetubus completely misses you.
The kobold brigand hits you with a +0 dagger.
* * * LOW HITPOINT WARNING * * *
The ufetubus barely misses you. The ufetubus hits you.
* * * LOW HITPOINT WARNING * * *
The kobold brigand barely misses you.
It was a potion of curing.
You feel better. The ufetubus misses you. The ufetubus hits you.
* * * LOW HITPOINT WARNING * * *
The ufetubus barely misses you. The ufetubus misses you.
The kobold brigand hits you with a +0 dagger.
* * * LOW HITPOINT WARNING * * *
You hit the kobold brigand.
The kobold brigand is lightly wounded.
You barely miss the ufetubus. The ufetubus barely misses you.
The ufetubus closely misses you.
The kobold brigand hits you with a +0 dagger.
* * * LOW HITPOINT WARNING * * *
The ufetubus barely misses you. You furiously retaliate!
You headbutt the ufetubus, but do no damage.
The ufetubus hits you.
* * * LOW HITPOINT WARNING * * *
The kobold brigand closely misses you.
You closely miss the ufetubus. You barely miss the kobold brigand.
The ufetubus completely misses you. The ufetubus hits you.
* * * LOW HITPOINT WARNING * * *
The ufetubus barely misses you. The ufetubus misses you.
The kobold brigand hits you with a +0 dagger!
You die...

#≈≈≈≈≈~#...≈≈≈≈≈≈≈#
#≈≈≈≈≈≈#...#~≈≈≈≈≈#
#≈≈≈≈≈≈~...#≈≈≈≈≈≈#
#≈≈≈≈≈≈#...#≈≈≈≈≈≈#
#≈≈≈≈≈≈#...≈≈≈≈≈≈≈#
#≈≈≈≈~~#...#~≈≈≈≈≈#
#≈≈~≈≈...≈...~≈~≈~#
#.~≈≈..#≈≈≈#...~≈≈#
#K@....#5≈≈#......#
#5#######K#######+#
#K.KK5K#...
#5~K5)≈)....~~
#≈≈≈≈≈≈#5..#≈≈
#########'#### ..#
... ..'


You could see a kobold brigand, 2 ufetubi and a kobold.

Vanquished Creatures
  A kobold brigand (Sewer)
  A quasit (Sewer)
  An adder (D:2)
  2 shadow imps (Sewer)
  2 ufetubi (Sewer)
  2 worms
  3 dart slugs
  9 ball pythons
  10 endoplasms
  A giant cockroach (D:1)
  2 goblins (D:2)
  2 hobgoblins (D:1)
  A quokka (D:1)
  5 bats
  A frilled lizard (D:1)
  16 kobolds
  A kobold zombie (Sewer)
  5 rats
65 creatures vanquished.

Vanquished Creatures (others)
  2 adder zombies (Sewer)
2 creatures vanquished.

Grand Total: 67 creatures vanquished

Notes
Turn   | Place    | Note
-------+----------+-------------------------------------------
     0 | D:1      | eodem the Minotaur Berserker began the quest for the Orb.
     0 | D:1      | Reached XP level 1. HP: 19/19 MP: 0/0
   103 | D:1      | Found a faded altar of an unknown god.
   224 | D:1      | Reached skill level 4 in Axes
   462 | D:1      | Reached XP level 2. HP: 26/26 MP: 1/1
  1304 | D:2      | Reached skill level 5 in Axes
  1371 | D:2      | Reached XP level 3. HP: 31/31 MP: 2/2
  1584 | D:2      | Reached ** piety under Trog
  2100 | D:2      | Found Hucw's Antique Weapon Emporium.
  2373 | D:3      | Found Nain's Armour Shoppe.
  2465 | D:3      | Found Heviory's Assorted Antiques.
  2479 | D:3      | Found a glowing drain.
  2630 | Sewer    | Entered a sewer
  2720 | Sewer    | Reached skill level 6 in Axes
  2720 | Sewer    | Reached XP level 4. HP: 39/39 MP: 3/3
  2940 | Sewer    | Noticed a kobold brigand
  2963 | Sewer    | Killed a kobold brigand
  2963 | Sewer    | Noticed a kobold brigand
  2964 | Sewer    | Reached skill level 7 in Axes
  2964 | Sewer    | Reached XP level 5. HP: 45/45 MP: 4/4
  2973 | Sewer    | Noticed Grinder
  2990 | Sewer    | Slain by a kobold brigand

Illustrated notes

Levels and vault maps discovered:
D:1:      nzn_arrival_settlement, layout_loops_ring, basic_ecumenical_altar
D:2:      layout_basic, serial_corexii_hall, corexii_hall_statues_x,
          chequers_hall_statues_corner_a, serial_shops,
          nicolae_shop_hallway_plus
D:3:      layout_basic, serial_shops, shop, shop, shop,
          nicolae_shop_overgrown_old_shop, cheibrodos_sewer_entry_drain
Sewer:    kennysheep_sewer_church

Skill      XL: |  1  2  3  4 |
---------------+-------------+-----
Axes           | 4 5 6 7 |  7.7
Fighting       | |  3.6
Armour         | |  2.4
Dodging        | |  2.1

Action                   |  1- 3 |  4- 6 || total
-------------------------+-------+-------++-------
Melee: Hand axe          |   102 |    34 ||   136
       Headbutt          |    16 |     3 ||    19
       Punch             |     1 |       ||     1
Invok: Berserk           |     2 |     1 ||     3
       Trog's Hand       |       |     1 ||     1
  Use: Potion            |       |     2 ||     2
 Stab: Sleeping          |     3 |       ||     3
Armor: Animal skin       |    18 |     8 ||    26
Dodge: Dodged            |    57 |    29 ||    86
